 Dungeon Crawl Stone Soup version 0.18-a0-1649-g8d9735b (webtiles) character file.

3049 Duffy the Grappler (level 9, 0/48 HPs)
             Began as a Vine Stalker Fighter on Mar 29, 2016.
             Was the Champion of Cheibriados.
             Slain by an orc warrior
             ... wielding a +0 spear
              (1 damage)
             ... in a bailey.
             The game lasted 00:09:16 (5327 turns).

Duffy the Grappler (Vine Stalker Fighter)           Turns: 5327, Time: 00:09:17

Health: 0/48       AC: 16    Str: 35    XL:     9   Next: 87%
Magic:  0/13       EV:  9    Int: 25    God:    Cheibriados [******]
Gold:   474        SH:  0    Dex: 29    Spells: 0 memorised, 8 levels left

rFire  . . .     SeeInvis .       - Unarmed
rCold  . . .     Gourm    .     t - +0 chain mail
rNeg   . . .     Faith    .     (no shield)
rPois  .         Spirit   +     p - +0 helmet
rElec  .         Dismiss  .     g - +0 cloak
rCorr  .         Reflect  .     (no gloves)
SustAt +         Harm     .     I - +0 pair of boots
MR     +....                    (no amulet)
Stlth  ..........               y - +4 ring of protection
                                x - ring of sustain attributes

@: very slow, somewhat resistant to hostile enchantments, extremely unstealthy
A: fangs 3, regeneration 2, magic shield, antimagic bite, no device heal 3, rot
immunity
a: Bend Time, Temporal Distortion, Slouch, Step From Time, Renounce Religion


You were in a bailey.
You worshipped Cheibriados.
Cheibriados was exalted by your worship.
You were hungry.

You visited 1 branch of the dungeon, and saw 8 of its levels.
You also visited: Bailey.

You collected 474 gold pieces.


Innate Abilities, Weirdness & Mutations

You have razor-sharp teeth.
You heal very quickly.
When hurt, damage is shared between your health and your magic reserves.
Your bite disrupts and absorbs the magic of your enemies.
Potions and wands cannot restore your health.
You are immune to rotting.


   Skills:
 + Level 6.1 Fighting
 - Level 2.4 Armour
 - Level 2.8 Shields
 * Level 11.1 Unarmed Combat
 + Level 4.2 Invocations


You had 8 spell levels left.
You didn't know any spells.

Inventory:

Missiles
 m - a throwing net
 q - 69 poisoned needles
 r - 4 javelins
 F - 10 tomahawks
 J - 6 javelins of returning (quivered)
Armour
 a - a +0 scale mail
 b - a +0 shield
 g - a +0 cloak (worn)
 p - a +0 helmet (worn)
 t - a +0 chain mail (worn)
 I - a +0 pair of boots (worn)
Jewellery
 x - a ring of sustain attributes (left hand)
 y - a +4 ring of protection (right hand)
Wands
 A - a wand of lightning (10/15)
 B - a wand of digging (4/24)
 C - a wand of enslavement (19/24)
Scrolls
 e - 2 scrolls of fog {unknown}
 f - 6 scrolls of teleportation
 h - 2 scrolls of remove curse {unknown}
 i - 2 scrolls of noise
 j - 2 scrolls of enchant weapon {unknown}
 o - a scroll of magic mapping {unknown}
 u - 2 scrolls of immolation
 v - a scroll of fear {unknown}
 D - a scroll of random uselessness {unknown}
Potions
 c - 4 potions of might
 k - 2 potions of lignification
 z - 2 potions of flight
 G - 2 potions of berserk rage {unknown}
 H - a potion of cancellation {unknown}
Books
 n - a book of Enchantments
Comestibles
 d - 4 bread rations
 l - a meat ration
 s - 2 royal jellies
 w - 18 fruits
 E - a slice of pizza

Dungeon Overview and Level Annotations

Branches:
Dungeon (8/15)             Temple (0/1) D:6
   Lair: D:8-11

Altars:
Ashenzari
Cheibriados
Fedhas
Gozag
Kikubaaqudgha
Pakellas
Sif Muna
Vehumet
Xom
Zin


Message History

The centaur hits you but does no damage.
The centaur closely misses you. x2
The centaur hits you from afar with a halberd.
The centaur hits you but does no damage.
The centaur hits you with a trident.
The centaur throws a javelin of returning.
The javelin of returning hits you.
The weapon returns to the centaur!
The centaur throws a javelin of returning.
The javelin of returning barely misses you.
The weapon returns to the centaur!
The centaur hits you but does no damage.
The centaur throws a javelin of returning.
The javelin of returning hits you but does no damage.
The centaur hits you but does no damage.
You see here a javelin of returning.
You hit the centaur. Your bite misses the centaur.
The centaur is lightly wounded.
The centaur closely misses you.
You hit the centaur but do no damage. You bite the centaur, but do no damage.
The centaur is lightly wounded.
The centaur completely misses you. The centaur barely misses you.
The centaur hits you with a halberd! The centaur hits you with a trident.
The centaur hits you with a halberd. The centaur barely misses you.
You hit the centaur. You bite the centaur. You drain its power.
You feel invigorated.
The centaur is moderately wounded.
The centaur hits you with a halberd.
The centaur hits you but does no damage.
You are feeling hungry.
You punch the centaur!
You kill the centaur!
Cheibriados thoroughly appreciates the change of pace.
The centaur hits you but does no damage.
The orc warrior hits you from afar with a spear.
You die...

#~~~~~..~~~.....~~~..~~
#~~~~.~~~.........~~~.~
#~~~~.~.............~.~
#~~~.~~.}.........}.~~.
#~~~.~....(..(.......~c
#~~.~~....~~~~~~~....~~
#~~.~..(~~~~~~~~~~~...#
#~~.~).~~~~~~~~~~~~~...
#~~co(@co~~~))?~~~~~.).
#~~.~..~~~~~~~~~~~~~...
#~~.~...~~~~~~~~~~~...#
#~~.~~....~~~~~~~....~~
#~~~.~...............~.
#~~~.~~.}.........}.~~.
#~~~~.~.............~.~
#~~~~.~~~.........~~~.~
~.....~~~..~~


You could see an orc warrior, 2 centaurs and an orc.

Action                   |  1- 3 |  4- 6 |  7- 9 || total
-------------------------+-------+-------+-------++-------
Melee: Unarmed           |   106 |   168 |   210 ||   484
  Use: Scroll            |       |     5 |     3 ||     8
  Eat: Chunk             |       |     3 |     4 ||     7

Notes
Turn   | Place    | Note
--------------------------------------------------------------
     0 | D:1      | Duffy the Vine Stalker Fighter began the quest for the Orb.
     0 | D:1      | Reached XP level 1. HP: 11/11 MP: 2/2
    88 | D:1      | Reached XP level 2. HP: 7/16 MP: 3/3
   181 | D:2      | Found a snail-covered altar of Cheibriados.
   193 | D:2      | Became a worshipper of Cheibriados the Contemplative
   425 | D:1      | Reached skill level 3 in Unarmed Combat
   589 | D:1      | Reached * piety under Cheibriados
   589 | D:1      | Reached XP level 3. HP: 15/19 MP: 4/4
   961 | D:2      | Noticed Jessica
   966 | D:2      | Killed Jessica
   966 | D:2      | Reached skill level 4 in Unarmed Combat
   966 | D:2      | Reached XP level 4. HP: 22/23 MP: 3/5
   997 | D:2      | Found a shattered altar of Ashenzari.
  1162 | D:2      | Reached ** piety under Cheibriados
  1360 | D:3      | Reached skill level 5 in Unarmed Combat
  1360 | D:3      | Reached XP level 5. HP: 24/27 MP: 6/6
  1440 | D:3      | Found a shimmering altar of Xom.
  1617 | D:3      | Reached *** piety under Cheibriados
  1635 | D:3      | Found a deep blue altar of Sif Muna.
  1928 | D:3      | Found an opulent altar of Gozag.
  2158 | D:4      | Reached skill level 6 in Unarmed Combat
  2158 | D:4      | Gained mutation: You heal very quickly. [Vine Stalker growth]
  2158 | D:4      | Reached XP level 6. HP: 27/32 MP: 7/7
  2231 | D:4      | Reached **** piety under Cheibriados
  2301 | D:4      | Noticed Crazy Yiuf
  2307 | D:4      | Killed Crazy Yiuf
  2572 | D:5      | Entered Level 5 of the Dungeon
  2689 | D:5      | Reached skill level 7 in Unarmed Combat
  2689 | D:5      | Reached XP level 7. HP: 30/35 MP: 4/8
  2719 | D:5      | Found an ancient bone altar of Kikubaaqudgha.
  2846 | D:5      | Reached skill level 8 in Unarmed Combat
  3034 | D:5      | Reached skill level 3 in Fighting
  3414 | D:6      | Found a staircase to the Ecumenical Temple.
  3546 | D:6      | Gained mutation: You have razor-sharp teeth. [Vine Stalker growth]
  3546 | D:6      | Reached XP level 8. HP: 38/41 MP: 7/9
  3717 | D:6      | Found an oddly glowing altar of Pakellas.
  3818 | D:7      | Reached ***** piety under Cheibriados
  3818 | D:7      | Reached skill level 4 in Fighting
  3828 | D:7      | Reached skill level 9 in Unarmed Combat
  3915 | D:7      | Reached skill level 1 in Invocations
  3986 | D:7      | Found a glowing silver altar of Zin.
  3991 | D:7      | Found a blossoming altar of Fedhas.
  4125 | D:7      | Reached skill level 5 in Fighting
  4138 | D:7      | Reached skill level 2 in Invocations
  4242 | D:8      | Reached XP level 9. HP: 27/47 MP: 8/11
  4297 | D:8      | Reached skill level 10 in Unarmed Combat
  4357 | D:8      | Found a radiant altar of Vehumet.
  4399 | D:8      | Reached skill level 3 in Invocations
  4424 | D:8      | Found a flagged portal.
  4433 | Bailey   | Entered a bailey
  4991 | Bailey   | Reached skill level 6 in Fighting
  4991 | Bailey   | Reached skill level 4 in Invocations
  5053 | Bailey   | Reached ****** piety under Cheibriados
  5053 | Bailey   | Reached skill level 11 in Unarmed Combat
  5327 | Bailey   | Slain by an orc warrior

Vault maps used:
D:1:      lightli_iron_boxes, minmay_misc_feat_hallway
D:2:      nicolae_overflow_crystal_walls, ashenzari_altar_1, serial_undead,
          serial_undead_b, serial_undead_f, serial_undead_e, serial_undead_a,
          uniq_jessica
D:3:      xom_teletrap_fun, grunt_gozag_breadcrumbs, lemuel_doored_altar
D:4:      first_bread, st_stairs_14, dk_vineyard_3, uniq_crazy_yiuf_cottage
D:5:      kiku_gazebo_pond_becter, minmay_misc_feat_encased
D:6:      grunt_pakellas_basics, minmay_temple_entry_junction
D:7:      fedhas_altar_2, zin_statuary
D:8:      fiery_altar_vehumet, kennysheep_little_box, enter_bailey_1
Bailey:   bailey_polearm_flooded_kennysheep, bailey

Vanquished Creatures
  A hippogriff
  A water moccasin
  8 orc warriors
  A phantom
  4 ogres
  5 centaurs
  4 giant frogs
  A gnoll sergeant
  A scorpion
  A howler monkey
  A giant frog zombie Crazy Yiuf
  2 centaur skeletons
  4 hounds
  3 jellies
  A quasit
  2 iguanas Jessica
  2 worker ants
  2 orc wizards
  3 gnolls
  9 adders
  3 shadow imps
  An adder zombie
  An adder skeleton
  2 worms
  A dart slug
  5 giant geckos
  31 orcs
  10 bats
  10 giant cockroaches
  7 goblins
  9 hobgoblins
  5 jackals
  5 quokkas
  2 ball pythons
  A giant gecko skeleton
  3 giant gecko zombies
  5 giant newts
  A jackal skeleton
  8 kobolds
  A quokka skeleton
  4 rats
173 creatures vanquished.
